 Dungeon Crawl Stone Soup version 0.20-a0-920-gb18bc0f (webtiles) character file.

2 Gorice the Sneak (level 1, 0/10 HPs)
             Began as a Kobold Enchanter on Mar 25, 2017.
             Slain by a kobold
             ... wielding a +0 whip
              (1 damage)
             ... on level 1 of the Dungeon.
             The game lasted 00:00:38 (263 turns).

Gorice the Sneak (Kobold Enchanter)                  Turns: 263, Time: 00:00:39

Health: 0/10       AC:  2    Str:  5    XL:     1   Next: 33%
Magic:  2/3        EV: 15    Int: 16    God:
Gold:   0          SH:  0    Dex: 15    Spells: 3/4 levels left

rFire    . . .     SeeInvis .   a - +1 dagger
rCold    . . .     Gourm    .   (shield restricted)
rNeg     . . .     Faith    .   b - +0 robe
rPois    .         Spirit   .   (no helmet)
rElec    .         Reflect  .   (no cloak)
rCorr    .         Harm     .   (no gloves)
MR       .....                  (no boots)
Stlth    +++.......             (no amulet)
Regen    0.1/turn               (no ring)
MPRegen  0.1/turn               (no ring)

@: no status effects
A: carnivore 3
a: no special abilities


You were on level 1 of the Dungeon.
You were not hungry.

You visited 1 branch of the dungeon, and saw 1 of its levels.

Inventory:

Hand Weapons
 a - a +1 dagger (weapon)
Armour
 b - a +0 robe (worn)
 e - a +0 ring mail
Scrolls
 f - a scroll of amnesia {unknown}
Books
 c - a book of Maledictions
Comestibles
 d - a meat ration {!e}


   Skills:
 + Level 1.3 Short Blades
 - Level 2.4 Dodging
 - Level 4.0 Stealth
 - Level 2.1 Spellcasting
 * Level 3.1 Hexes


You had 3 spell levels left.
You knew the following spells:

 Your Spells              Type           Power        Failure   Level  Hunger
a - Corona                Hex            ##.....      8%          1    #......


Dungeon Overview and Level Annotations

Branches:
Dungeon (1/15)

Altars:


Innate Abilities, Weirdness & Mutations

You are small and have problems with some larger weapons.
You are carnivorous and can eat meat at any time.


Message History

You catch the helpless rat completely off-guard!
You puncture the rat!
You kill the rat!
You see here a rat corpse.
You butcher the rat corpse.
f - a chunk of flesh Eating a chunk of flesh.
You eat the chunk of flesh.
This raw flesh tastes great.
Found a spear.
You see here a spear.
You open the door.
There is an open door here.
A kobold comes into view. It is wielding a club.
Found a scroll labeled QAARPH PECE.
The helpless kobold fails to defend itself.
You impale the kobold!!
You kill the kobold!
Things that are here:
a club; a kobold corpse A kobold comes into view.
It is wielding a whip.
Found 18 stones, a scroll labeled TIKHLIL YNESCH and a shiny ring mail.
Found a scroll labeled FASTRA ZASO.
You see here a scroll labeled QAARPH PECE.
f - a scroll labeled QAARPH PECE The kobold shouts!
The kobold throws a stone.
The stone barely misses you.
A goblin comes into view. It is wielding a club.
A frilled lizard comes into view.
The frilled lizard moves out of view.
The kobold throws a stone.
The stone hits you.
You see here a stone.
Damage: 3 (max 3)
The kobold throws a stone.
The stone hits you.
Damage: 1 (max 3)
The kobold throws a stone.
The stone hits you.
* * * LOW HITPOINT WARNING * * *
You see here a stone.
Damage: 1 (max 3)
You start resting.
Casting: Corona
Confirm with . or Enter, or press ? or * to list all spells.
Aiming: Corona
Press: ? - help, Shift-Dir - straight line, f - kobold
Aim: a kobold, wielding a whip (chance to defeat MR: 64%)
The kobold is outlined in light.
You barely miss the kobold. The kobold hits you with a whip.
* * * LOW HITPOINT WARNING * * *
Damage: 4 (max 4)
You hit the kobold but do no damage. The kobold hits you with a whip.
You die...

(.#.......+.........'
#.##.#?...####.........#
#............ #.......##
#..##K###.# ##.....##
#....(....# ##...##
....###.###)# ##..# ###.
#(....# # #..#
###.###.###.##.#####.#####
........K@................
###.........##.####...###.
###..........# #.....##.
#.....###### ##...###.
#..........# #.......
#.....####.####.#.###.
#.....# #........###.
####### ######.......
########


You could see a kobold.

Vanquished Creatures
  A kobold (D:1)
  A rat (D:1)
2 creatures vanquished.

Notes
Turn   | Place    | Note
-------+----------+-------------------------------------------
     0 | D:1      | Gorice the Kobold Enchanter began the quest for the Orb.
     0 | D:1      | Reached XP level 1. HP: 10/10 MP: 3/3
   262 | D:1      | HP: 1/10 [kobold/whip (4)]
   263 | D:1      | Slain by a kobold

Vault maps used:
D:1:      eino_arrival_druids_welcome, minmay_domino_4

Action                   || total
-------------------------++-------
Melee: Dagger            ||     4
 Cast: Corona            ||     1
 Stab: Distracted        ||     1
       Sleeping          ||     1
  Eat: Chunk             ||     1
Dodge: Dodged            ||     1

Table legend:
 A = Turns spent in this place as a percentage of turns spent in the entire game.
 B = Non-inter-level travel turns spent in this place as a percentage of non-inter-level travel turns spent in the entire game.
 C = Inter-level travel turns spent in this place as a percentage of turns spent in this place.
 D = Turns resting spent in this place as a percentage of non-inter-level travel turns spent in this place.
 E = Turns spent auto-exploring this place as a percentage of non-inter-level travel turns spent in this place.
 F = Non-inter-level travel turns spent in this place divided by the number of levels of this place that you've seen.
                   A       B       C       D       E      F
               +-------+-------+-------+-------+-------+----------------------
         Total | 100.0 | 100.0 |   0.0 |   3.4 |  15.5 |  58.0
       Dungeon | 100.0 | 100.0 |   0.0 |   3.4 |  15.5 |  58.0
               +-------+-------+-------+-------+-------+----------------------

Vault maps used:
D:1:      eino_arrival_druids_welcome, minmay_domino_4
